 Dungeon Crawl Stone Soup version 0.30.1-11-g7821555f0a (webtiles) character file.

Game seed: 5824193929375122743

1305284 Kallu the Slayer (level 27, 221/221 (224) HPs)
             Began as a Djinni Ice Elementalist on Dec 25, 2023.
             Was an Initiate of Gozag.
             Escaped with the Orb
             ... and 3 runes on Dec 27, 2023!
             The game lasted 07:39:44 (129227 turns).

Kallu the Slayer (Djinni Ice Elementalist)        Turns: 129227, Time: 07:39:44

HP:   221/221 (224) AC: 29    Str: 12 (14) XL:     27
Gold: 3015          EV: 26    Int: 36      God:    Gozag SH: 20 Dex: 20

rFire   + + .        a - +9 eveningstar (spect)
rCold   + + +        A - +5 kite shield {rC+}
rNeg    + + +        u - +6 faerie dragon scales {rCorr Int+2}
rPois   ∞            V - +1 helmet "Urghai" {Will+}
rElec   .            l - +2 cloak {rCorr}
rCorr   +            L - +2 pair of gloves {Str+3}
SInv    +            (boots unavailable)
Will    ++++.        Q - amulet "Biffitodi" {Spirit rC+ SInv}
Stlth   ++           v - ring "Ruuru" {Drain rC+ MP+9 Str+4 Dex+3}
HPRegen 0.56/turn    y - +6 ring of intelligence
MPRegen 0.00/turn

%: guardian spirit
@: lich-form, flying, lightly drained
A: draining attack, torment immunity, no potions, flying, sickness immunity,
fire resistance 2, cold vulnerability 1, float, innate caster, HP casting, extra
vitality 1, teleportitis 1, inability to drink after injury 1
0: Orb of Zot
}: 3/15 runes: barnacled, silver, gossamer
a: End Transformation, Renounce Religion, Potion Petition, Call Merchant, Bribe
Branch


You escaped.
You worshipped Gozag.
Gozag was most pleased with you.
You were an undead lich.
You visited 13 branches of the dungeon, and saw 57 of its levels.
You also visited: Ice Cave.

You collected 16831 gold pieces.
You spent 2646 gold pieces at shops.
You paid 11170 gold pieces to Gozag.

Inventory:

Hand Weapons
 a - a +9 spectral eveningstar (weapon)
 c - a +0 falchion
 G - a +0 long sword
Missiles
 Z - 8 throwing nets
Armour
 d - a scarf of invisibility
 l - a +2 cloak of preservation (worn)
 u - the +6 faerie dragon scales (worn) {rCorr Int+2}
   (You took it off the Enchantress on level 2 of the Depths)

   Int:       It affects your intelligence (+2).
   rCorr:     It protects you from acid and corrosion.
 A - a +5 kite shield of cold resistance (worn)
 B - a scarf of resistance
 C - a +2 cloak of stealth
 L - a +2 pair of gloves of strength (worn)
 T - a scarf of shadows
 V - the +1 helmet "Urghai" (worn) {Will+}
   (You found it on level 11 of the Dungeon)

   Will:      It increases your willpower.
Magical Staves
 b - the staff of conjuration "Pavuotto" {Fly rElec Will+}
   (You took it off a deep elf pyromancer on level 3 of the Elven Halls)

   [staff of conjuration]

   Your inability to study Conjurations prevents you from drawing on the full
   power of this staff in melee.
   Base accuracy: +5 Base damage: 5 Base attack delay: 1.2 This weapon's minimum
   attack delay (0.6) is reached at skill level 12.
   rElec:     It insulates you from electricity.
   Fly:       It grants you flight.
   Will:      It increases your willpower.
   It falls into the 'Staves' category.
   It is a one-handed weapon.
Jewellery
 h - the ring of the Sun {rPois rF+ EV+5 Dex+5 Slay-2}
   (You took it off a deep elf elementalist on level 3 of the Elven Halls)

   [ring of evasion]

   EV:        It affects your evasion (+5).
   Dex:       It affects your dexterity (+5).
   Slay:      It affects your accuracy & damage with ranged weapons and melee
   (-2).
   rF:        It protects you from fire.
   rPois:     It protects you from poison.
 t - a ring of protection from cold
 v - the ring "Ruuru" (left hand) {Drain rC+ MP+9 Str+4 Dex+3}
   (You took it off a fire giant on level 4 of the Depths)

   [ring of magical power]

   Str:       It affects your strength (+4).
   Dex:       It affects your dexterity (+3).
   rC:        It protects you from cold.
   MP:        It affects your magic capacity (+9).
   Drain:     It drains your maximum health when unequipped.
 y - a +6 ring of intelligence (right hand)
 F - a ring of protection from fire
 H - an amulet of regeneration
 Q - the amulet "Biffitodi" (around neck) {Spirit rC+ SInv}
   (You took it off a deep elf annihilator on level 3 of the Elven Halls)

   [amulet of guardian spirit]

   It causes incoming damage to be divided between your reserves of health and
   magic.
   rC:        It protects you from cold.
   SInv:      It lets you see invisible.
 S - a ring of willpower
Wands
 g - a wand of iceblast (47)
 r - a wand of polymorph (35)
 w - a wand of mindburst (16)
 E - a wand of light (4)
 I - a wand of digging (10)
 K - a wand of charming (55)
Scrolls
 e - 5 scrolls of poison
 m - 5 scrolls of fear
 o - 38 scrolls of identify
 D - a scroll of blinking
 M - 7 scrolls of fog
 O - 5 scrolls of immolation
 R - 3 scrolls of brand weapon
 W - a scroll of teleportation
 X - 4 scrolls of silence
Potions
 f - 4 potions of invisibility
 i - 9 potions of brilliance
 j - 5 potions of haste
 k - 8 potions of lignification
 q - 26 potions of curing
 s - 4 potions of cancellation
 z - 16 potions of might
 J - 6 potions of mutation
 P - 3 potions of ambrosia
Miscellaneous
 p - a tin of tremorstones (2/2)
 x - a box of beasts
 U - a phial of floods
 Y - a phantom mirror


   Skills:
 * Level 26.1 Fighting
 - Level 16.7 Maces & Flails
 - Level 7.5 Armour
 - Level 22.3 Dodging
 - Level 9.0 Stealth
 + Level 17.0 Shields
 - Level 22.0 Spellcasting
 - Level 10.1 Invocations
 - Level 4.0 Evocations


You knew the following spells:

 Your Spells              Type           Power      Damage    Failure   Level
a - Freeze                Ice            100%       1d10      0%          1
b - Frozen Ramparts       Ice            100%       1d16      0%          3
c - Ozocubu's Armour      Ice            100%       N/A       0%          3
d - Summon Ice Beast      Ice/Summ       100%       N/A       0%          4
e - Apportation           Tloc           100%       N/A       0%          1
f - Poisonous Vapours     Pois/Air       100%       N/A       0%          2
g - Confusing Touch       Hex            100%       N/A       0%          3
h - Simulacrum            Ice/Necr       69%        N/A       1%          6
i - Animate Dead          Necr           100%       N/A       0%          4
j - Freezing Cloud        Conj/Ice/Air   57%        6-21      0%          5
k - Orb of Destruction    Conj           57%        9d14      1%          7
l - Summon Hydra          Summ           57%        N/A       1%          7
m - Necromutation         Tmut/Necr      69%        N/A       1%          8
n - Malign Gateway        Summ/Tloc      57%        N/A       1%          7
o - Dragon's Call         Summ           57%        N/A       21%         9
p - Death's Door          Necr           69%        N/A       21%         9
X - Portal Projectile     Hex/Tloc       100%       N/A       0%          3
Your spell library was empty.

Dungeon Overview and Level Annotations

Branches:
Dungeon (15/15)            Temple (1/1) D:7            Lair (5/5) D:10
 Shoals (4/4) Lair:2       Spider (4/4) Lair:2        Slime (5/5) Lair:4
    Orc (2/2) D:11            Elf (3/3) Orc:2        Vaults (5/5) D:13
  Crypt (3/3) Vaults:3       Tomb (0/3) Crypt:3      Depths (4/4) D:15
   Hell (visited)             Zot (5/5) Depths:4      IceCv (visited)
    Dis: Hell:1         Geh: Hell:1         Coc: Hell:1         Tar: Hell:1

Altars:
Ashenzari
Cheibriados
Dithmenos
Elyvilon
Fedhas
Gozag
Hepliaklqana
Makhleb
Nemelex Xobeh
Okawaru
Qazlal
Ru
Trog
Uskayaw
Wu Jian
Xom
Yredelemnul
Zin
The Shining One
Jiyva

Shops:
D:4 (   Orc:2 :((?:   Elf:1 :=:   Shoals:3 *   Vaults:1 (   Vaults:3 ((
Vaults:5 [

Portals:
Hell: Depths:1 Depths:2 Depths:3 Depths:4
Abyss: Depths:3 Depths:4
Pandemonium: Depths:2
Ziggurat: Depths:2

Annotations:
D:9 Amaemon
Lair:4 1 runed translucent door
Shoals:2 3 runed translucent doors
Shoals:3 3 runed translucent doors, exclusion: obsidian statue, Wyufid's ghost, adept GnFi
Shoals:4 Bai Suzhen
Slime:5 Royal Jelly
Elf:2 2 runed translucent doors
Vaults:4 1 runed translucent door, ratatoskos's ghost, adept DsBe
Crypt:3 1 runed translucent door, Hynnuzim's ghost, veteran CeHu
Hell Geryon
Zot:2 2 runed translucent doors, Decrayps's ghost, veteran FeEn


Innate Abilities, Weirdness & Mutations

You are an undead lich.
Your unarmed attacks are suffused with negative energy.
You are immune to unholy pain and torment.
Your necromantic spells are more powerful.
You cannot drink.
You are flying.
You are immune to sickness and miasma.
You are immune to poison.
Your flesh is very heat resistant. (rF++)
You are vulnerable to cold. (rC-)
You float through the air rather than walking.
You learn spells naturally, not from books.
Your magical power is your life essence.
You have superior vitality. (+4 MHP)
You are occasionally teleported next to monsters.
You occasionally lose the ability to drink potions when taking damage.


Message History

You fly upwards.
There is a stone staircase leading down here.
Unknown command.
You feel yourself come back to life.
HP restored.
You see here a +0 spear.
An Enuz, a ynoxinul and a chaos spawn come into view.
There is a stone staircase leading up here.
Unknown command.
Press: ? - help, v - describe, . - travel A stone staircase leading up.
This square is covered in magical glow.
The chaos spawn's pages rustle loudly.
You fly upwards.
There is a stone staircase leading down here.
You see here a +0 dagger.
There is a stone staircase leading up here.
Casting: Apportation (safe; 0% risk of failure)
Confirm with . or Enter, or press ? or * to list all spells.
You miscast Necromutation.
You are very lightly contaminated with residual magic.
You feel horribly lethargic.
You feel drained.
Casting: Necromutation (mildly dangerous; 1% risk of failure)
Confirm with . or Enter, or press ? or * to list all spells.
Your body is suffused with negative energy!
You fly upwards.
There is a stone staircase leading down here.
Unknown command.
There is a stone staircase leading up here.
You fly upwards.
There is a stone staircase leading down here.
Unknown command.
Your magical contamination has completely faded away.
There is an open door here.
There is a stone staircase leading up, spattered with blood here.
You fly upwards.
There is a stone staircase leading down here.
HP restored.
There is a staircase leading out of the dungeon here.
You have escaped!

########.........#.#.#
####.########.#.# #....#
###.#.# #....# #.....#
#....#### ##....###
##......####...#..#
#.##.###......##.#
#.##.#...#....##.#
#....#.L.#....##.#
#....#...#.##.##.#
##########......###.##.##.#
[........#...####......#..#
########.....#######....###
#.†.............#.#..(.#
##.########.#.##....#.#.#
.....# #.#...........#
.)...# #.####....#.###


There were no monsters in sight!

Vanquished Creatures
  2 ancient liches (Zot:5)
  6 orbs of fire
  Boris (thrice) (Depths:3 Vaults:3 Vaults:4)
  Parghit (Zot:4)
  Xtahua (Vaults:4)
  3 curse toes
  Nikola (Vaults:1)
  Jory (Depths:3)
  the Enchantress (Depths:2)
  10 golden dragons
  4 doom hounds
  A pandemonium lord (D:12)
  An electric golem (Zot:5)
  4 liches
  A shard shrike zombie (Crypt:3)
  A walking crystal tome (Depths:4)
  14 tentacled monstrosities
  Rupert (D:12)
  Grunn (Depths:2)
  12 Orb Guardians
  16 acid blobs
  A shard shrike skeleton (Crypt:1)
  4 quicksilver dragons
  Asterion (Spider:3)
  A deep elf blademaster (Elf:3)
  3 deep elf master archers (Elf:3)
  An eldritch tentacle (Zot:5)
  Agnes (Spider:3)
  The ghost of Ewe Xiki the Bludgeoner, an adept HuBe of Trog (D:15)
  6 ancient champions
  Polyphemus (Shoals:2)
  4 tengu reavers
  4 sphinxes
  5 storm dragons
  5 shadow dragons
  6 death cobs
  2 revenants
  8 azure jellies
  11 rockslimes
  2 draconian monks
  8 fire giants
  2 draconian knights
  An iron dragon (Vaults:5)
  A deep elf sorcerer (Vaults:5)
  7 draconian scorchers
  9 emperor scorpions
  5 frost giants
  10 vault wardens
  5 ghouls
  5 draconian shifters
  3 balrugs
  2 spectral caustic shrikes (Depths:4)
  4 deep elf elementalists (Elf:3)
  3 reapers
  A broodmother (Spider:2)
  3 draconian annihilators
  3 orc warlords
  11 ironbound preservers
  7 ghost moths
  8 spriggan defenders
  5 draconian stormcallers
  24 very ugly things
  2 caustic shrike skeletons
  9 stone giants
  4 green draconians
  10 quicksilver oozes
  3 war gargoyles
  5 ironbound thunderhulks
  4 deep elf demonologists
  5 black draconians
  6 vampire knights
  8 white draconians
  4 dire elephants
  14 purple draconians
  Azrael (D:14)
  7 deep elf annihilators
  A lorocyproca (Depths:1)
  2 pale draconians (Depths:4)
  13 red draconians
  7 yellow draconians
  2 spark wasps
  4 eidola
  6 deep elf death magi
  10 deep elf high priests
  8 ettins
  12 fire dragons
  A blizzard demon (Hell)
  5 merfolk impalers
  A spriggan zombie (Crypt:3)
  3 great orbs of eyes
  7 jiangshi
  6 merfolk javelineers
  A rakshasa (Depths:2)
  9 yaktaur captains
  4 nameless horrors
  Erolcha (D:9)
  2 ogre magi (Orc:2)
  11 ironbound frosthearts
  26 vault guards
  5 hydras
  6 catoblepae
  A spectral spriggan (Depths:1)
  6 spriggan air magi
  9 boulder beetles
  14 ice dragons
  2 jorogumos
  2 spriggan skeletons (Crypt:1)
  3 merfolk aquamancers
  A fenstrider witch skeleton (Crypt:1)
  17 centaur warriors
  9 two-headed ogres
  2 radroaches
  A merfolk avatar (Shoals:2)
  A satyr (Shoals:3)
  A death knight (Crypt:1)
  8 deep troll shamans
  2 alligator snapping turtles
  13 dancing weapons
  3 spriggan berserkers (Depths:2)
  18 death yaks
  8 hell hogs
  5 tengu warriors
  5 vampire magi
  An orc high priest (Orc:1)
  9 deep troll earth magi
  8 hell knights
  14 deep elf knights
  24 skeletal warriors
  Nergalle (Orc:2)
  10 iron trolls
  3 shadow wraiths (Crypt:3)
  4 sun demons
  6 soul eaters
  9 sea snakes
  2 pharaoh ants
  A storm dragon skeleton (Crypt:1)
  3 swamp dragons (Depths:4)
  A skyshark (Shoals:2)
  3 spriggan druids (Depths:2)
  A glowing orange brain (Depths:2)
  2 salamander mystics
  8 flayed ghosts
  An anaconda zombie (Crypt:3)
  7 steelbarb worms
  A deep troll (shapeshifter) (Vaults:5)
  14 orb spiders
  3 bog bodies
  49 deep trolls
  37 ugly things
  9 deep elf archers
  2 anaconda skeletons (Crypt:1)
  9 lindwurms
  6 orc knights
  A sphinx zombie (Vaults:2)
  20 ironbound convokers
  12 wizards
  12 harpies
  6 phantasmal warriors
  12 wolf spiders
  Pikel (D:8)
  5 necromancers
  11 fauns (Shoals:3)
  18 deep elf zephyrmancers
  8 orc sorcerers
  13 manticores
  9 cyclopes
  27 deep elf pyromancers
  A tengu skeleton (Vaults:2)
  2 cyclopes (shapeshifter) (Vaults:5)
  7 salamanders
  26 moths of wrath
  An elephant (shapeshifter) (Vaults:5)
  A frost giant skeleton (Vaults:2)
  A stone giant skeleton (Crypt:2)
  4 shining eyes
  A dire elephant zombie (Crypt:1)
  7 smoke demons
  An ice statue (IceCv)
  5 rust devils
  6 merfolk sirens
  2 black mambas
  3 water nymphs
  3 elephants (Lair:5)
  An iron dragon skeleton (Crypt:2)
  3 demonic crawlers
  19 vault sentinels
  A gargoyle (D:12)
  A human skeleton (Crypt:1)
  5 cane toads
  2 eyes of devastation
  4 centaur skeletons (Crypt:1)
  A torpor snail (Spider:4)
  4 freezing wraiths
  2 orange demons
  3 dire elephant skeletons
  4 rime drakes
  23 yaktaurs
  A tormentor (Depths:2)
  An ice devil (Depths:2)
  2 kobold demonologists
  2 hellions (Zot:1)
  9 komodo dragons
  5 guardian mummies (Crypt:3)
  2 tengu conjurers (D:15)
  A death yak skeleton (Crypt:2)
  3 meliai (Spider:1)
  A shadow dragon simulacrum (Crypt:3)
  A harpy zombie (Hell)
  A hornet (shapeshifter) (Elf:2)
  A red devil (Depths:1)
  4 trolls
  29 merfolk
  18 tarantellas
  8 wind drakes
  A moth of wrath zombie (Crypt:3)
  A hydra skeleton (Crypt:1)
  6 snapping turtles
  3 harpy skeletons
  15 hornets
  12 dream sheep
  17 polar bears
  An alligator zombie (Crypt:2)
  16 blink frogs
  15 culicivoras
  26 jumping spiders
  9 flying skulls
  8 water elementals
  A jumping spider (shapeshifter) (Vaults:4)
  76 slime creatures
  5 shadows
  3 air elementals
  2 black mamba zombies
  A centaur simulacrum (D:15)
  21 spriggans
  9 wraiths
  59 yaks
  A vampire (Crypt:3)
  3 wyverns
  2 ynoxinuls
  An ettin skeleton (Crypt:1)
  3 basilisks
  10 golden eyes
  A neqoxec (Depths:2)
  3 steam dragons (Depths:4)
  7 fire elementals
  A human (shapeshifter) (Elf:3)
  A chaos spawn (Depths:2)
  42 redbacks
  12 vampire mosquitoes
  An acid dragon (D:12)
  2 wargs (Orc:2)
  An entropy weaver zombie (Crypt:3)
  4 hell hounds (D:14)
  A demonspawn skeleton (Crypt:1)
  A floating eye (Slime:5)
  A naga skeleton (Crypt:1)
  14 water moccasins
  12 orc warriors
  A cane toad skeleton (Crypt:1)
  2 black bears (Lair:5)
  2 ice beasts
  2 swamp dragon zombies
  An elephant skeleton (Crypt:2)
  6 boggarts
  16 centaurs
  35 wolves
  10 ogres
  2 lemures (D:8)
  A yaktaur zombie (Crypt:3)
  4 kobold brigands
  14 bullfrogs
  A scorpion (D:5)
  2 earth elementals
  10 wights
  2 wyvern skeletons
  2 yak skeletons
  4 killer bees (D:9)
  5 howler monkeys
  2 wolf zombies
  4 crimson imps (D:9)
  A basilisk zombie (Crypt:2)
  14 orc priests
  5 hounds
  8 jellies
  3 iguanas
  A hell rat (Hell)
  35 orc wizards
  7 mummies (Crypt:3)
  9 adders
  11 gnolls
  A howler monkey skeleton (Crypt:3)
  2 worms (D:2)
  4 dart slugs
  100 orcs
  6 bats
  8 endoplasms
  3 giant cockroaches
  5 goblins
  6 hobgoblins
  4 jackals (D:2)
  16 kobolds
  6 quokkas
  8 ball pythons
  5 frilled lizards
  A gnoll skeleton (Crypt:1)
  6 rats
  5 spectral weapons
2120 creatures vanquished.

Vanquished Creatures (collateral kills)
  2 dread liches
  2 ancient liches (Zot:5)
  An orb of fire (Zot:1)
  2 Killer Klowns (Zot:5)
  A curse toe (Crypt:3)
  2 golden dragons (Zot:5)
  2 bone dragons
  Arachne (Spider:3)
  3 doom hounds (Depths:1)
  An electric golem (Zot:5)
  A hellephant (Depths:3)
  8 tentacled monstrosities
  A quicksilver dragon (Zot:5)
  9 Orb Guardians (Zot:5)
  5 acid blobs
  A death cob (Zot:2)
  2 sphinxes
  Murray (Depths:1)
  4 ancient champions (Crypt:3)
  A draconian monk (Zot:5)
  A revenant (Crypt:3)
  A tengu reaver (Vaults:4)
  6 storm dragons
  3 rockslimes
  8 azure jellies
  A deep elf sorcerer (Elf:3)
  A fire giant (Vaults:5)
  A frost giant (Depths:2)
  A spectral caustic shrike (Depths:4)
  A draconian scorcher (Zot:5)
  2 emperor scorpions
  A draconian knight (Zot:5)
  2 balrugs (Depths:1)
  3 vault wardens
  A draconian shifter (Zot:2)
  2 deep elf elementalists (Elf:3)
  3 ghouls
  A curse skull (Crypt:1)
  2 ironbound preservers
  An orc warlord (Vaults:4)
  A draconian stormcaller (Zot:5)
  3 very ugly things
  A stone giant (Vaults:4)
  A reaper (Depths:1)
  An ironbound thunderhulk (Vaults:2)
  5 quicksilver oozes (Slime:5)
  A vampire knight (Crypt:3)
  3 green draconians
  A deep elf demonologist (Vaults:5)
  A lorocyproca (Zot:5)
  2 purple draconians (Zot:2)
  5 white draconians
  2 spark wasps
  3 black draconians
  An ettin (Depths:1)
  A deep elf death mage (Crypt:2)
  3 jiangshi
  An eidolon (Crypt:3)
  2 entropy weavers
  Josephine (Orc:2)
  3 ice dragons
  A yaktaur captain (Vaults:5)
  2 great orbs of eyes
  A deep elf high priest (Vaults:5)
  8 vault guards
  2 death knights (Crypt:3)
  2 spriggan skeletons (Crypt:1)
  A deep troll shaman (Depths:4)
  A centaur warrior (Vaults:3)
  A fenstrider witch skeleton (Crypt:1)
  A two-headed ogre (D:15)
  A hell hog (Hell)
  2 death yaks
  A vampire mage (Crypt:2)
  5 hell knights
  A fire crab (shapeshifter) (Vaults:5)
  16 sun demons
  4 soul eaters (Depths:1)
  13 skeletal warriors
  A glowing orange brain (Slime:5)
  A steelbarb worm (Spider:1)
  5 deep trolls
  2 wizards
  2 phantasmal warriors
  A flayed ghost (Crypt:3)
  2 bog bodies (Crypt:2)
  2 deep elf pyromancers
  An ironbound convoker (Vaults:1)
  A necromancer (Vaults:5)
  5 ugly things
  A wolf spider (Spider:4)
  A centaur zombie (Crypt:3)
  An iron dragon skeleton (Crypt:1)
  3 rust devils (Depths:1)
  3 moths of wrath
  7 vault sentinels
  3 demonic crawlers
  3 centaur skeletons
  5 yaktaurs
  4 freezing wraiths
  A komodo dragon (Lair:4)
  An alligator snapping turtle skeleton (Crypt:1)
  A red devil (Hell)
  A white draconian skeleton (Crypt:1)
  A harpy zombie (Crypt:3)
  A catoblepas skeleton (Crypt:1)
  2 polar bears
  2 hornets
  3 tarantellas
  A jumping spider (Spider:4)
  4 flying skulls (Crypt:1)
  4 slime creatures
  An ettin skeleton (Crypt:1)
  3 spriggans (Lair:5)
  A ynoxinul (Zot:4)
  2 culicivoras
  3 yaks (IceCv)
  2 vampires (Crypt:3)
  2 wraiths
  A basilisk (Lair:1)
  A golden eye (Slime:3)
  4 redbacks
  A water moccasin (Lair:5)
  A centaur (Lair:2)
  3 wolves
  2 bullfrogs (Lair:1)
  A gnoll sergeant (D:7)
  A necrophage (Crypt:2)
  A warg skeleton (Crypt:2)
  A basilisk zombie (Crypt:2)
  A jelly (Slime:3)
  A hell rat (Depths:1)
  A hound zombie (Crypt:1)
  A creeping inferno (Hell)
  2 fire vortices (Hell)
310 creatures vanquished.

Vanquished Creatures (others)
  2 dread liches
  2 orbs of fire (Zot:5)
  A curse toe (Zot:5)
  2 Orb Guardians (Zot:5)
  2 titans (Vaults:5)
  70 eldritch tentacles
  2 tengu reavers (Vaults:5)
  A shadow dragon (Depths:1)
  3 fire giants (Vaults:5)
  A frost giant (Vaults:5)
  A vault warden (Vaults:5)
  An ironbound preserver (Vaults:5)
  2 stone giants (Vaults:5)
  A war gargoyle (Vaults:5)
  A very ugly thing (Vaults:5)
  A yaktaur captain (Vaults:5)
  An ettin (Vaults:5)
  3 vault guards (Vaults:5)
  A merfolk aquamancer (Shoals:4)
  A tengu warrior (Depths:3)
  A hell knight (Vaults:5)
  2 deep trolls (Vaults:5)
  An ironbound convoker (Vaults:5)
  A phantasmal warrior (Vaults:5)
  A deep elf zephyrmancer (Elf:2)
  A wolf spider (Spider:4)
  A vault sentinel (Vaults:5)
  A freezing wraith (Vaults:5)
  A slime creature (Slime:4)
  A spriggan (Depths:2)
  A jelly (Slime:3)
  3 hell rats
  An orc (Orc:2)
  A creeping inferno (Hell)
  50 spectral weapons
166 creatures vanquished.

Grand Total: 2596 creatures vanquished

Notes
Turn   | Place    | Note
-------+----------+-------------------------------------------
     0 | D:1      | Kallu the Djinni Ice Elementalist began the quest for the
                  | Orb.
     0 | D:1      | Kallu set off with the following spells memorised: Freeze,
                  | Frozen Ramparts, Ozocubu's Armour, Summon Ice Beast.
     0 | D:1      | Reached XP level 1. HP: 15/15 MP: 0/0
   148 | D:1      | Reached XP level 2. HP: 17/22 MP: 0/0
   280 | D:1      | Reached skill level 1 in Fighting
   340 | D:1      | Reached XP level 3. HP: 21/27 MP: 0/0
   340 | D:1      | Learned a level 1 spell: Apportation
   967 | D:2      | Reached XP level 4. HP: 30/32 MP: 0/0
  1198 | D:2      | Reached skill level 2 in Fighting
  1483 | D:2      | Reached XP level 5. HP: 26/38 MP: 0/0
  1483 | D:2      | Learned a level 2 spell: Poisonous Vapours
  2841 | D:4      | Found Poiduaqo's Antique Weapon Shop.
  2878 | D:4      | Found a blossoming altar of Fedhas.
  2887 | D:4      | Reached XP level 6. HP: 32/45 MP: 0/0
  3348 | D:4      | Found a glowing golden altar of the Shining One.
  3467 | D:4      | Found a stormy altar of Qazlal.
  3694 | D:5      | Entered Level 5 of the Dungeon
  3709 | D:5      | Reached skill level 3 in Fighting
  3832 | D:5      | Reached skill level 5 in Spellcasting
  3832 | D:5      | Reached XP level 7. HP: 34/50 MP: 0/0
  3832 | D:5      | Learned a level 3 spell: Confusing Touch
  4152 | D:5      | Identified the +1 leather armour of a bazaar {rCorr}
  4168 | D:5      | Found a sacrificial altar of Ru.
  5086 | D:6      | Reached skill level 1 in Armour
  5589 | D:7      | Reached XP level 8. HP: 52/58 MP: 0/0
  5768 | D:7      | Noticed a hornet
  5901 | D:7      | Killed a hornet
  5902 | D:7      | Reached skill level 4 in Fighting
  5902 | D:7      | Reached skill level 5 in Dodging
  6463 | D:7      | Identified the +1 chain mail of Heresy {Str+4 Dex-2}
  6557 | D:7      | Found a staircase to the Ecumenical Temple.
  6701 | Temple   | Entered the Ecumenical Temple
  6795 | Temple   | Became a worshipper of Elyvilon the Healer
  7032 | D:7      | Reached XP level 9. HP: 35/64 MP: 0/0
  7032 | D:7      | Learned a level 3 spell: Portal Projectile
  7034 | D:7      | Reached skill level 5 in Fighting
  7487 | D:8      | Noticed a two-headed ogre
  7508 | D:9      | Found a sparkling altar of Nemelex Xobeh.
  7556 | D:9      | Reached skill level 1 in Invocations
  7760 | D:9      | Found a shimmering altar of Xom.
  7767 | D:9      | Reached skill level 6 in Fighting
  7957 | D:9      | Reached * piety under Elyvilon
  8066 | D:9      | Noticed a troll
  8076 | D:9      | Killed a troll
  8077 | D:9      | Reached XP level 10. HP: 64/73 MP: 0/0
  8595 | D:8      | Killed a two-headed ogre
  8596 | D:8      | Reached skill level 7 in Fighting
  8673 | D:8      | Found a glowing silver altar of Zin.
  8718 | D:8      | Found an opulent altar of Gozag.
  8853 | D:8      | Noticed Pikel
  8864 | D:8      | Killed Pikel
  8969 | D:8      | Reached ** piety under Elyvilon
  9307 | D:9      | Noticed Amaemon
  9307 | D:9      | Noticed an orange demon
  9441 | D:9      | Noticed Erolcha
  9460 | D:9      | Killed an orange demon
  9539 | D:9      | Killed Erolcha
  9540 | D:9      | Reached skill level 8 in Fighting
  9540 | D:9      | Reached XP level 11. HP: 67/81 MP: 0/0
  9540 | D:9      | Learned a level 4 spell: Animate Dead
 10329 | D:10     | Entered Level 10 of the Dungeon
 10429 | D:10     | Reached skill level 10 in Spellcasting
 10854 | D:10     | Found a staircase to the Lair.
 11020 | D:10     | Reached *** piety under Elyvilon
 11226 | D:10     | Reached skill level 9 in Fighting
 11610 | Lair:1   | Entered Level 1 of the Lair of Beasts
 12060 | Lair:1   | Reached **** piety under Elyvilon
 12603 | Lair:1   | Noticed a catoblepas
 12679 | Lair:1   | Reached XP level 12. HP: 65/90 MP: 0/0
 12915 | Lair:1   | Killed a catoblepas
 13234 | Lair:2   | Reached skill level 1 in Evocations
 13332 | Lair:2   | Found a staircase to the Shoals.
 13921 | Lair:2   | Reached ***** piety under Elyvilon
 13949 | Lair:2   | Found a hole to the Spider Nest.
 13949 | Lair:2   | Noticed an orb spider
 13957 | Lair:2   | Killed an orb spider
 13993 | Lair:2   | Reached skill level 5 in Invocations
 14327 | Lair:3   | Reached skill level 10 in Fighting
 14971 | Lair:3   | Identified the +0 helmet of Minor Irritation {+Blink rPois
                  | rC+ Dex-4}
 15281 | Lair:3   | Noticed a seven-headed hydra
 15288 | Lair:3   | Noticed a catoblepas
 16013 | Lair:3   | Killed a five-headed hydra
 16148 | Lair:3   | HP: 3/92 [catoblepas (24)]
 16149 | Lair:3   | HP: 1/92 [catoblepas (22)]
 16170 | Lair:3   | Killed a catoblepas
 16387 | Lair:4   | Reached XP level 13. HP: 93/97 MP: 0/0
 16387 | Lair:4   | Learned a level 5 spell: Freezing Cloud
 16531 | Lair:4   | Found a viscous altar of Jiyva.
 16531 | Lair:4   | Found a staircase to the Slime Pits.
 16544 | Lair:4   | Noticed a four-headed hydra
 16561 | Lair:4   | Killed a four-headed hydra
 16562 | Lair:4   | Reached skill level 11 in Fighting
 17654 | Lair:4   | Identified a scroll of acquirement
 17695 | Lair:4   | Acquired a +3 eveningstar of venom
 17717 | Lair:4   | Reached skill level 12 in Fighting
 17897 | Lair:4   | Found a runed translucent door.
 17969 | Lair:4   | Noticed a catoblepas
 17975 | Lair:4   | Killed a catoblepas
 17976 | Lair:4   | Reached skill level 1 in Maces & Flails
 18342 | Lair:4   | Noticed a five-headed hydra
 18419 | Lair:5   | Entered Level 5 of the Lair of Beasts
 18430 | Lair:5   | Noticed an eight-headed hydra
 18459 | Lair:5   | Noticed a six-headed hydra
 18465 | Lair:5   | Killed a six-headed hydra
 18521 | Lair:5   | Killed an eight-headed hydra
 18764 | Lair:5   | Noticed a four-headed hydra
 18771 | Lair:5   | Killed a four-headed hydra
 18859 | Lair:5   | Reached skill level 13 in Fighting
 19217 | Lair:4   | Reached skill level 5 in Maces & Flails
 19523 | Lair:4   | Reached XP level 14. HP: 43/110 MP: 0/0
 20510 | Lair:5   | Reached skill level 14 in Fighting
 21326 | Lair:5   | Reached skill level 10 in Dodging
 23011 | D:11     | Found a staircase to the Orcish Mines.
 23041 | D:11     | Identified the +1 helmet "Urghai" {Will+}
 23479 | D:12     | Noticed Rupert
 23489 | D:12     | Killed Rupert
 23540 | D:12     | Found a frozen archway.
 23665 | IceCv    | Entered an ice cave
 23695 | IceCv    | Reached skill level 5 in Armour
 23792 | IceCv    | Reached skill level 15 in Fighting
 24104 | IceCv    | Reached XP level 15. HP: 70/120 MP: 0/0
 24104 | IceCv    | Learned a level 6 spell: Simulacrum
 26835 | D:12     | Reached ****** piety under Elyvilon
 28384 | D:13     | Found a gate to the Vaults.
 29030 | D:14     | Noticed Azrael
 29038 | D:14     | Killed Azrael
 29791 | D:14     | Reached XP level 16. HP: 97/127 MP: 0/0
 30612 | D:15     | Entered Level 15 of the Dungeon
 30618 | D:15     | Reached skill level 5 in Stealth
 31236 | D:15     | Found a staircase to the Depths.
 32002 | D:15     | Reached skill level 16 in Fighting
 32066 | D:15     | Noticed a fire giant
 32165 | D:15     | Noticed Ewe Xiki's ghost (adept HuBe)
 32166 | D:15     | Found a transporter.
 32166 | D:15     | Found a transporter.
 32167 | D:15     | Noticed a fire giant
 32167 | D:15     | Identified the +1 great mace of Linearity {freeze, rF+}
 32167 | D:15     | Noticed a frost giant
 33483 | Orc:1    | Entered Level 1 of the Orcish Mines
 34292 | Orc:2    | Entered Level 2 of the Orcish Mines
 34390 | Orc:2    | Found Ethruhytz's Self-Improvement Boutique.
 34399 | Orc:2    | Bought a manual of Spellcasting for 1200 gold pieces
 34624 | Orc:2    | Noticed Josephine
 34631 | Orc:2    | Killed Josephine
 34963 | Orc:2    | Found a staircase to the Elven Halls.
 35244 | Orc:2    | Found Sualacele's Book Emporium.
 35396 | Orc:2    | Found Neov's Antique Weapon Shoppe.
 35539 | Orc:2    | Noticed Nergalle
 35569 | Orc:2    | Killed Nergalle
 35702 | Orc:2    | Found Kelafohi's Magic Scroll Shoppe.
 35768 | Orc:2    | Bought a scroll of fog for 68 gold pieces
 35768 | Orc:2    | Bought a scroll of enchant armour for 127 gold pieces
 35768 | Orc:2    | Bought a scroll of teleportation for 51 gold pieces
 35788 | Orc:2    | Found Imeff's Antique Weapon Emporium.
 36183 | Spider:1 | Entered Level 1 of the Spider Nest
 36490 | Shoals:1 | Entered Level 1 of the Shoals
 37304 | Shoals:1 | Reached XP level 17. HP: 67/134 MP: 0/0
 37304 | Shoals:1 | Learned a level 7 spell: Orb of Destruction
 37831 | Shoals:2 | Found a runed translucent gate.
 37832 | Shoals:2 | Found a runed translucent gate.
 37835 | Shoals:2 | Found a runed translucent gate.
 38213 | Shoals:2 | Noticed Polyphemus
 38244 | Shoals:2 | Killed Polyphemus
 41420 | Shoals:3 | Reached skill level 17 in Fighting
 41614 | Shoals:3 | Found a runed translucent gate.
 41614 | Shoals:3 | Found a runed translucent gate.
 41614 | Shoals:3 | Found a runed translucent gate.
 41615 | Shoals:3 | Found an opulent altar of Gozag.
 41616 | Shoals:3 | Noticed Wyufid's ghost (adept GnFi)
 41617 | Shoals:3 | Found Docw's Assorted Antiques.
 42181 | Shoals:4 | Entered Level 4 of the Shoals
 42539 | Shoals:4 | Reached skill level 10 in Invocations
 43368 | Shoals:4 | Identified the +1 helmet of a sewer {rPois rF+ Str-4 Int+2}
 43440 | Shoals:4 | Noticed Bai Suzhen
 44407 | Shoals:4 | Reached XP level 18. HP: 123/143 MP: 0/0
 45512 | Shoals:4 | Got a barnacled rune of Zot
 45750 | Elf:1    | Entered Level 1 of the Elven Halls
 46586 | Elf:1    | Reached skill level 15 in Spellcasting
 47258 | Elf:1    | Found Kearall's Book Shop.
 47258 | Elf:1    | Found Beonke's Jewellery Shoppe.
 47259 | Elf:1    | Found Cacsix's Book Shop.
 47461 | Elf:1    | Paralysed by an air elemental for 1 turns
 47770 | Elf:1    | Reached skill level 18 in Fighting
 48798 | Elf:1    | Reached skill level 1 in Shields
 49766 | Elf:2    | Found a runed translucent door.
 49790 | Elf:2    | Found a runed translucent door.
 50271 | Elf:2    | Paralysed by an air elemental for 1 turns
 50551 | Elf:3    | Entered Level 3 of the Elven Halls
 51917 | Elf:3    | Reached XP level 19. HP: 139/150 MP: 0/0
 51917 | Elf:3    | Learned a level 7 spell: Summon Hydra
 51933 | Elf:3    | Noticed a deep elf blademaster
 51938 | Elf:3    | Killed a deep elf blademaster
 51994 | Elf:3    | Reached skill level 5 in Shields
 52251 | Elf:3    | Identified the ring of the Sun {rPois rF+ EV+5 Dex+5
                  | Slay-2}
 53271 | Orc:2    | Bought a manual of Maces & Flails for 1200 gold pieces
 53593 | Elf:3    | Identified the +0 robe of the Forest {rF+ Str+4}
 53593 | Elf:3    | Identified the staff of conjuration "Pavuotto" {Fly rElec
                  | Will+}
 53929 | Depths:1 | Entered Level 1 of the Depths
 54304 | Depths:1 | Found a hazy altar of Hepliaklqana.
 54634 | Depths:1 | Found a gateway to Hell.
 56549 | Depths:1 | Elyvilon protects you from harm!
 56555 | Depths:1 | Reached skill level 10 in Maces & Flails
 57538 | Depths:2 | Found an opulent altar of Gozag.
 58513 | Depths:2 | Noticed the Enchantress
 59225 | Depths:2 | Reached XP level 20. HP: 133/157 MP: 0/0
 60041 | Depths:2 | Reached skill level 10 in Shields
 62137 | Depths:2 | Noticed a doom hound
 62151 | Depths:2 | Killed a doom hound
 62153 | Depths:2 | Noticed a bone dragon
 62158 | Depths:2 | Found a one-way gateway to a ziggurat.
 63080 | Depths:1 | Killed a bone dragon
 63473 | Depths:2 | Found an iron altar of Okawaru.
 63474 | Depths:2 | Noticed Grunn
 63538 | Depths:2 | Noticed a doom hound
 63557 | Depths:2 | Killed Grunn
 63561 | Depths:2 | Killed a doom hound
 64420 | Depths:2 | Killed the Enchantress
 64737 | Depths:2 | Found a one-way gate leading to the halls of Pandemonium.
 65028 | Depths:2 | Identified the +0 mace "Jibiomm" {holy, rF+ rCorr Str+2
                  | Dex-3}
 65206 | Depths:3 | Noticed a golden dragon
 65292 | Depths:3 | Noticed Boris
 65622 | Depths:3 | Killed a golden dragon
 65893 | Depths:3 | Noticed Jory
 66628 | Depths:3 | Killed Jory
 66629 | Depths:3 | Reached XP level 21. HP: 131/163 MP: 0/0
 66629 | Depths:3 | Learned a level 8 spell: Necromutation
 67220 | Depths:3 | Killed Boris
 67897 | Depths:3 | Found a one-way gate to the infinite horrors of the Abyss.
 68836 | Depths:4 | Entered Level 4 of the Depths
 69679 | Depths:4 | Noticed a golden dragon
 70055 | Depths:4 | Identified the ring "Ruuru" {Drain rC+ MP+9 Str+4 Dex+3}
 71367 | Depths:4 | Noticed a golden dragon
 71374 | Depths:4 | Killed a golden dragon
 72000 | Depths:4 | Identified the staff of conjuration "Peeleo Qeeha" {Drain
                  | Int+5}
 72213 | Depths:4 | Reached XP level 22. HP: 160/169 MP: 0/0
 72449 | Depths:4 | Killed a golden dragon
 73725 | Depths:4 | Noticed a golden dragon
 73730 | Depths:4 | Killed a golden dragon
 73776 | Depths:4 | Found a gate to the Realm of Zot.
 74280 | Elf:3    | Identified the +8 shortbow of Contumacious Fortitude
                  | {freeze, rN+ Dex+10 Stlth-}
 74619 | Elf:3    | Identified the amulet "Biffitodi" {Spirit rC+ SInv}
 74855 | Elf:3    | Identified the staff of death "Ufidy" {rElec rF- rN+
                  | Will+++ Int-2}
 74872 | Elf:3    | Identified the +0 pair of gloves of the Zealous Grue
                  | {Rampage Str+6 Dex-3}
 74941 | Elf:3    | Identified the staff of fire "Kisa" {rF+ Dex+5}
 74982 | Elf:3    | Identified the staff of earth "Ymefuledgh" {rF+++ Str+2}
 74985 | Elf:3    | Identified the staff of death "Galups" {rPois rF++ rN+
                  | Str-5 Int+3}
 78255 | Spider:2 | You are sucked into a shaft and drop 1 floor!
 78266 | Spider:3 | Noticed Agnes
 78270 | Spider:3 | Killed Agnes
 78450 | Spider:3 | Noticed Arachne
 78454 | Spider:3 | Killed Arachne
 78919 | Spider:3 | Noticed Asterion
 78938 | Spider:3 | Killed Asterion
 79501 | Spider:4 | Entered Level 4 of the Spider Nest
 79710 | Spider:4 | Identified the +1 pair of gloves "Rejitril" {*Corrode rN+
                  | Will+ Int+4}
 79727 | Spider:4 | Reached XP level 23. HP: 144/175 MP: 0/0
 79727 | Spider:4 | Learned a level 7 spell: Malign Gateway
 80527 | Spider:2 | Reached skill level 15 in Dodging
 80950 | D:8      | Fell from the grace of Elyvilon
 80950 | D:8      | Became a worshipper of Gozag Ym Sagoz the Greedy
 82105 | Spider:4 | Got a gossamer rune of Zot
 82162 | Spider:4 | Reached skill level 15 in Maces & Flails
 82674 | Vaults:1 | Entered Level 1 of the Vaults
 82900 | Vaults:1 | Identified the +3 plate armour "Sinux" {rN+ Will+ Str+4
                  | Dex-3}
 83700 | Vaults:1 | Noticed Nikola
 83708 | Vaults:1 | Killed Nikola
 84418 | Vaults:1 | Found Qihutipu's Antique Weapon Shop.
 87309 | Vaults:2 | Identified the +3 leather armour of Conscience {rF+}
 87612 | Vaults:3 | Reached XP level 24. HP: 130/182 MP: 0/0
 88299 | Vaults:3 | Noticed Boris
 88303 | Vaults:3 | Killed Boris
 88775 | Vaults:3 | Found a staircase to the Crypt.
 89403 | Vaults:3 | Found Cevouked's Weapon Shoppe.
 90316 | Vaults:3 | Found Qitouh's Weapon Shoppe.
 90882 | Vaults:4 | Noticed Xtahua
 90889 | Vaults:4 | Killed Xtahua
 91292 | Vaults:4 | Found a runed translucent door.
 91294 | Vaults:4 | Noticed ratatoskos's ghost (adept DsBe)
 91430 | Vaults:4 | Noticed Boris
 91439 | Vaults:4 | Killed Boris
 93205 | Vaults:5 | Entered Level 5 of the Vaults
 93228 | Vaults:4 | Reached skill level 19 in Fighting
 93996 | Vaults:5 | Reached XP level 25. HP: 156/191 MP: 0/0
 93996 | Vaults:5 | Learned a level 9 spell: Dragon's Call
 94525 | Vaults:5 | Noticed a dread lich
 94727 | Vaults:5 | Identified the +7 shortbow "Zuson" {antimagic, +Blink rN+
                  | Int-3 Stlth+}
 94988 | Vaults:5 | Reached skill level 20 in Fighting
 96031 | Vaults:5 | Found Laoloupra's Armour Shop.
 96388 | Vaults:5 | Reached skill level 21 in Fighting
 96585 | Vaults:5 | Noticed a dread lich
 97193 | Vaults:4 | Killed a dread lich
 97334 | Vaults:5 | Identified the +0 chain mail of Articulation {Harm Will+}
 97524 | Vaults:5 | Found the +6 Majin-Bo {spellvamp, MP+6 Int+6}
 97661 | Vaults:5 | Identified the +7 falchion of the Shore {pain, rC- rN++
                  | MP+9 SInv}
 97938 | Vaults:5 | Identified the staff of earth "Okiufem" {Str+4 SInv}
 98109 | Vaults:5 | Got a silver rune of Zot
 98444 | Vaults:5 | Identified the +1 pair of boots of Protective Custody
                  | {Will++}
 98577 | Crypt:1  | Entered Level 1 of the Crypt
 99930 | Crypt:1  | Reached XP level 26. HP: 198/199 MP: 0/0
100131 | Crypt:1  | Identified the staff of air "Saxte" {Fragile rElec Dex+6}
100174 | Crypt:1  | Reached skill level 22 in Fighting
102531 | Crypt:3  | Entered Level 3 of the Crypt
103052 | Crypt:3  | Found a runed translucent door.
103052 | Crypt:3  | Noticed Hynnuzim's ghost (veteran CeHu)
103554 | Crypt:3  | Reached skill level 15 in Shields
103940 | Crypt:3  | Noticed a curse toe
103943 | Crypt:3  | Killed a curse toe
103944 | Crypt:3  | Reached skill level 23 in Fighting
104103 | Crypt:3  | Noticed a curse toe
104109 | Crypt:3  | Killed a curse toe
104218 | Crypt:3  | Found a basalt altar of Yredelemnul.
104238 | Crypt:3  | Identified the +3 spear of Ybbinni {flame, Will+ Str+3
                  | Dex+4}
104314 | Crypt:3  | Found the +5 scythe "Finisher" {speed, execute}
104409 | Crypt:3  | Identified the +7 war axe "Geomis" {freeze, Int+5}
104883 | Crypt:3  | Found a staircase to the Tomb.
105475 | D:15     | Killed Ewe Xiki's ghost
105479 | D:15     | Reached XP level 27. HP: 123/215 MP: 0/0
105479 | D:15     | Learned a level 9 spell: Death's Door
105928 | Slime:1  | Entered Level 1 of the Pits of Slime
109064 | Slime:5  | Entered Level 5 of the Pits of Slime
109304 | Slime:5  | Noticed the Royal Jelly
110667 | Slime:5  | Paralysed by a floating eye for 3 turns
111787 | Hell     | Entered the Vestibule of Hell
111787 | Hell     | Noticed Murray
111787 | Hell     | Noticed Geryon
111882 | Depths:1 | Killed Murray
113093 | Zot:1    | Entered Level 1 of the Realm of Zot
114537 | Zot:1    | Noticed an orb of fire
114545 | Zot:1    | Killed an orb of fire
114546 | Zot:1    | Reached skill level 24 in Fighting
115051 | Zot:1    | Noticed an orb of fire
115064 | Zot:1    | Killed an orb of fire
115933 | Zot:1    | Identified the +0 robe "Nile" {+Blink Will++ Int+4}
117053 | Zot:2    | Found a large runed translucent door.
117054 | Zot:2    | Found a large runed translucent door.
117054 | Zot:2    | Noticed Decrayps's ghost (veteran FeEn)
117417 | Zot:3    | Noticed an orb of fire
117799 | Zot:3    | Killed an orb of fire
119426 | Zot:4    | Identified the +1 robe of Dim Light {rN+ Dex+6}
120359 | Zot:4    | Noticed Parghit
120749 | Zot:4    | Killed Parghit
122623 | Zot:5    | Entered Level 5 of the Realm of Zot
123261 | Zot:5    | Reached skill level 25 in Fighting
126117 | Depths:1 | Glimpsed the power of Zot.
126563 | Zot:5    | Noticed a Killer Klown
126576 | Zot:5    | Noticed a dread lich
126577 | Zot:5    | Noticed an orb of fire
126607 | Zot:5    | Killed a dread lich
126612 | Zot:5    | Noticed an orb of fire
126617 | Zot:5    | Noticed an orb of fire
126617 | Zot:5    | Gained mutation: You occasionally lose the ability to drink
                  | potions when taking damage. [an orb of fire]
126628 | Zot:5    | Killed a Killer Klown
126631 | Zot:5    | Killed an orb of fire
126743 | Zot:5    | Killed an orb of fire
126856 | Zot:5    | Noticed an ancient lich
126860 | Zot:5    | Killed an ancient lich
126878 | Zot:5    | Noticed an ancient lich
127076 | Zot:5    | Killed an ancient lich
127092 | Zot:5    | Noticed a dread lich
127103 | Zot:5    | Killed a dread lich
127716 | Zot:5    | Noticed a Killer Klown
127718 | Zot:5    | Noticed an orb of fire
127722 | Zot:5    | Killed a Killer Klown
127727 | Zot:5    | Killed an orb of fire
127891 | Zot:5    | Noticed an orb of fire
127899 | Zot:5    | Killed an orb of fire
128004 | Zot:5    | Noticed an ancient lich
128005 | Zot:5    | Noticed an ancient lich
128016 | Zot:5    | Killed an ancient lich
128017 | Zot:5    | Killed an ancient lich
128317 | Zot:5    | Noticed an orb of fire
128319 | Zot:5    | Gained mutation: You are occasionally teleported next to
                  | monsters. [an orb of fire]
128330 | Zot:5    | Killed an orb of fire
128331 | Zot:5    | Reached skill level 26 in Fighting
128605 | Zot:5    | Got the Orb of Zot
129007 | D:12     | Noticed Hemaj the pandemonium lord
129033 | D:12     | Killed Hemaj the pandemonium lord
129164 | D:5      | Noticed Enuz the pandemonium lord
129227 | D:$      | Escaped with the Orb!

Illustrated notes

Levels and vault maps discovered:
D:1:      amcnicky_arrival_double_pillar, layout_loops_ring
D:2:      layout_basic, grunt_ministairs_15
D:3:      layout_basic
D:4:      layout_gridville, nicolae_qazlal_general_emergency,
          mainiacjoe_overflow_cross_hatched, serial_shops, shop,
          minmay_ruined_shrine
D:5:      layout_rooms, nicolae_ru_sacrificial_ziggurat,
          kennysheep_generic_room_16
D:6:      layout_basic
D:7:      layout_basic, minmay_temple_entry_glassed_door,
          kennysheep_generic_room_14
D:8:      layout_rooms, pdpol_temple_overflow_zin_treasury_gozag_greed,
          uniq_pikel
D:9:      layout_long_grid, mainiacjoe_overflow_alcove_4, led_xom_imps,
          uniq_erolcha, uniq_amaemon
D:10:     layout_gridville, lair_entry_dummy
D:11:     layout_cave_pools, hiddenorc2_lemuel
D:12:     layout_irregular_city, portal_ice_cave_entry_pillars_2,
          water_maze_lemuel, uniq_rupert
D:13:     layout_basic, erik_vaults_2
D:14:     layout_loops_cross, uniq_azrael
D:15:     hangedman_depths_entry_civil_slaughter, layout_basic,
          gammafunk_ghost_smash, st_stairs_1
Temple:   hellmonk_temple_of_storms
Lair:1:   layout_cave_pods, serial_bayou_shore_a
Lair:2:   layout_misc_corridors, minmay_shoals_entry_centaurs,
          nicolae_spider_entry_orb_guardian, st_stairs_12, lemuel_fruit_tree
Lair:3:   layout_misc_corridors, beast_lair_carwin_5
Lair:4:   layout_cave_pods, dpeg_slime_entry_enclosed, pf_torpor_hydra
Lair:5:   minmay_lair_end_enchanted_forest, layout_loops_ring,
          grunt_megastairs_4, infiniplex_staircase_pool_2
Shoals:1: layout_shoals
Shoals:2: layout_shoals, nicolae_shoals_beach_cooler, uniq_polyphemus
Shoals:3: layout_shoals, ebering_ghost_gozag, nzn_prometheus_bound
Shoals:4: shoals_end_simple, layout_shoals, uniq_bai_suzhen
Spider:1: layout_cave_pods
Spider:2: layout_spider_delve, hellmonk_test_site
Spider:3: layout_spider_delve, uniq_arachne, uniq_asterion, uniq_agnes
Spider:4: grunt_spider_rune_circles
Slime:1:  layout_caves
Slime:2:  layout_caves
Slime:3:  nicolae_slime_jelly_donut, layout_caves
Slime:4:  layout_caves
Slime:5
Orc:1:    layout_caves, bh_open_orc_temple
Orc:2:    kennysheep_orc_mage_school, layout_caves, nicolae_shop_self_help,
          uniq_josephine
Elf:1:    minmay_elf_arrival_summoners, layout_geoelf_grid, serial_glass,
          glass_columns_c, glass_columns_a, minivault_28, lemuel_upstairs_altar,
          minmay_shop_grove
Elf:2:    elven_hall_of_blades_hangedman_original
          [nicolae_blade_entry_splitting_headache], layout_loops_cross,
          uniq_jorgrun
Elf:3:    minmay_elf_hall_not_hex, layout_onion_city,
          nicolae_elf_variegated_diamond
Vaults:1: vaults_dpeg_ring, nicolae_vaults_apartment_1, v_misc_25,
          nicolae_vaults_network_s, ontoclasm_vaults_loading_screen,
          nicolae_vaults_inception_corners, vaults_room_grid,
          vaults_room_octagon, dpeg_vaults_monster_row, grunt_vaults_funnel,
          vaults_room_hallway, layout_vaults_omnicross, serial_shops,
          nicolae_lakefront_shop, uniq_nikola
Vaults:2: nicolae_vaults_big_angled_halls, vaults_mumra_minichess,
          nicolae_vaults_variable_pillar_hall, hangedman_vaults_nodes,
          v_misc_11, vaults_room_fours, nicolae_vaults_apartment_2,
          layout_vaults_quadrants
Vaults:3: nicolae_vaults_theta, nicolae_vaults_sightless_eye,
          nicolae_vaults_shrinking_rooms_1, grunt_vaults_trifunnel,
          nicolae_vaults_taking_the_gang_shopping,
          nicolae_vaults_twisting_passages, nicolae_vaults_stairing_the_circle,
          nicolae_vaults_tetromino_L_2, minmay_crypt_entry_simple_round,
          nicolae_vaults_little_squares_1, nicolae_vaults_shelves_hall,
          nicolae_vaults_variable_pillar_hall, nicolae_vaults_know_your_exits,
          nicolae_vaults_trapezoid_lopsided_1, nicolae_vaults_trapezoid_2,
          layout_vaults_maze_bifur, serial_shops, shop
Vaults:4: ebering_ghost_reflecting_pool, v_misc_28, v_misc_11, v_misc_5,
          nicolae_vaults_security_offices_1, nicolae_vaults_tetromino_T_1,
          ontoclasm_vaults_misaligned, vaults_mumra_hex,
          grunt_vaults_hallway_short, nicolae_vaults_network_quinsquares
          [nicolae_vaults_network_quincunx_subvault,
          nicolae_vaults_network_quincunx_subvault,
          nicolae_vaults_network_quincunx_subvault,
          nicolae_vaults_network_quincunx_subvault],
          nicolae_vaults_storage_closets_1, vaults_dpeg_encased_lava,
          layout_vaults_ring, uniq_xtahua
Vaults:5
Crypt:1:  minmay_skeleton_keep, layout_rooms
Crypt:2:  layout_misc_corridors
Crypt:3:  lightli_unholy_cathedral, layout_chaotic_city,
          nicolae_tomb_entry_grand_gallery, ebering_ghost_reflecting_pool
Depths:1: kennysheep_cluttered_fort, layout_cave_pools, lightli_too_deep,
          solitary_fountain, nicolae_hepliaklqana_monster_ancestors
Depths:2: kb_forest_paths, layout_basic, enter_ziggurat_e,
          rand_demon_pan_entry_9, grunt_gozag_breadcrumbs,
          grunt_hell_entry_dis_old, okawaru_ov_weapons_minmay, uniq_grunn,
          uniq_enchantress
Depths:3: lemuel_flame_loot_2, layout_cave_shapes,
          nicolae_concentric_dashed_squares_wild, hellmouth_3,
          marbit_kobold_abyss_entry, uniq_jory, uniq_boris
Depths:4: evilmike_zot_entry_gauntlet, layout_basic, patterned_corridor,
          abyss_entry, pf_hell_entry_tar_river,
          minmay_the_grid_square_5x5_3x3_mashed
          [minmay_the_grid_square_5x5_forky,
          minmay_the_grid_square_5x5_three_small,
          minmay_the_grid_square_5x5_almost_minimal,
          minmay_the_grid_square_5x5_percent,
          minmay_the_grid_square_5x5_megaprize_checkered,
          minmay_the_grid_square_5x5_one_wall, minmay_the_grid_square_5x5_fat_x,
          minmay_the_grid_square_5x5_gyroscope, minmay_the_grid_square_5x5_n]
Hell
Zot:1:    layout_onion, grunt_ministairs_10, hangedman_hellfire_club
Zot:2:    layout_misc_corridors, ebering_ghost_disaster_area
Zot:3:    layout_onion_interference
Zot:4:    nicolae_moth_party, layout_gridlike, grunt_megastairs_3, uniq_parghit
Zot:5:    layout_twisted_circle, grunt_ministairs_13

Skill      XL: |  1  2  3  4  5  6  7  8  9 10 11 12 13 14 15 16 17 18 19 20 21 22 23 24 25 26 27 |
---------------+----------------------------------------------------------------------------------+-----
Fighting       | 1 2 3 4 6 8 9 10 13 15 16 17 18 19 21 23 26 | 26.1
Spellcasting   | 4 5 6 7 9 10 11 12 14 15 17 19 20 22 | 22.0
Dodging        | 3 4 5 6 8 10 12 13 14 17 20 21 22 | 22.3
Armour         | 1 2 3 5 6 7 |  7.5
Stealth        | 3 4 5 7 9 |  9.0
Invocations    | 3 4 6 7 8 10 | 10.1
Evocations     | 4 |  4.0
Maces & Flails | 5 7 8 11 12 14 16 | 16.7
Shields        | 4 9 12 13 15 17 | 17.0

Action                     |  1- 3 |  4- 6 |  7- 9 | 10-12 | 13-15 | 16-18 | 19-21 | 22-24 | 25-27 || total
---------------------------+-------+-------+-------+-------+-------+-------+-------+-------+-------++-------
  Melee: Mace              |     9 |       |       |       |       |       |       |       |       ||     9
         Dagger            |     8 |    79 |    99 |       |       |       |       |       |       ||   186
         Hand axe          |       |       |    62 |   239 |    52 |       |       |       |       ||   353
         Punch             |       |       |     1 |     9 |     5 |     4 |       |       |       ||    19
         Eveningstar       |       |       |       |       |   257 |   268 |   390 |   475 |  1043 ||  2433
         Staff             |       |       |       |       |       |       |       |    49 |    53 ||   102
  Throw: Javelin           |       |       |     1 |       |       |       |       |       |       ||     1
   Cast: Freeze            |    43 |    48 |    12 |     8 |     8 |     2 |       |       |     1 ||   122
         Frozen Ramparts   |       |    12 |    22 |    55 |    39 |     8 |    18 |     8 |     2 ||   164
         Poisonous Vapours |       |     2 |    14 |    72 |   180 |   362 |   162 |   140 |     7 ||   939
         Ozocubu's Armour  |       |     2 |    19 |    60 |    42 |    21 |    32 |    10 |     2 ||   188
         Confusing Touch   |       |       |     8 |     7 |     2 |     2 |     1 |       |       ||    20
         Summon Ice Beast  |       |       |     4 |    15 |    24 |    26 |    38 |       |       ||   107
         Freezing Cloud    |       |       |       |       |   149 |   288 |   216 |   132 |   110 ||   895
         Portal Projectile |       |       |       |       |     3 |       |       |       |       ||     3
         Orb of Destructio |       |       |       |       |       |     7 |   117 |   278 |   480 ||   882
         Summon Hydra      |       |       |       |       |       |       |    13 |    48 |   108 ||   169
         Malign Gateway    |       |       |       |       |       |       |       |     6 |    66 ||    72
         Necromutation     |       |       |       |       |       |       |       |       |   100 ||   100
         Apportation       |       |       |       |       |       |       |       |       |    22 ||    22
         Dragon's Call     |       |       |       |       |       |       |       |       |     4 ||     4
 Invoke: Heal Self         |       |       |       |     3 |     2 |     4 |    18 |       |       ||    27
         Heal Other        |       |       |       |       |       |       |     8 |       |       ||     8
         Bribe Branch      |       |       |       |       |       |       |       |     1 |     1 ||     2
         Potion Petition   |       |       |       |       |       |       |       |       |     9 ||     9
  Evoke: Wand              |       |       |     8 |     3 |     7 |       |     8 |       |     3 ||    29
         Phial of floods   |       |       |       |       |     1 |       |     2 |       |     2 ||     5
         Box of beasts     |       |       |       |       |       |     1 |       |       |       ||     1
         Phantom mirror    |       |       |       |       |       |       |       |       |     1 ||     1
    Use: Scroll            |       |    15 |     1 |    13 |    18 |    10 |    13 |     7 |    16 ||    93
         Potion            |       |       |     1 |     3 |     2 |     2 |     4 |       |    13 ||    25
   Stab: Sleeping          |     2 |     4 |       |       |     1 |     6 |     2 |     5 |     5 ||    25
         Confused          |       |       |     4 |     2 |       |       |     1 |       |       ||     7
         Distracted        |       |       |       |       |     1 |     5 |    10 |    22 |    46 ||    84
         Fleeing           |       |       |       |       |       |       |       |     1 |       ||     1
 Armour: Robe              |     7 |    18 |     1 |       |       |       |       |       |       ||    26
         Leather armour    |       |       |    48 |   105 |    43 |       |       |       |       ||   196
         Ring mail         |       |       |       |       |   124 |   165 |   101 |       |       ||   390
         Acid dragon scale |       |       |       |       |       |       |    99 |   139 |   386 ||   624
         Skin              |       |       |       |       |       |       |       |       |     4 ||     4
  Dodge: Dodged            |    29 |    65 |   119 |   322 |   369 |   330 |   355 |   328 |  1008 ||  2925
  Block: Kite shield       |       |       |       |       |       |    27 |   474 |   439 |  1097 ||  2037
